 Dungeon Crawl Stone Soup version 0.19.1 (webtiles) character file.

132290 Nydiazath the Imperceptible (level 16, -5/85 HPs)
             Began as a Spriggan Enchanter on Dec 13, 2016.
             Was the Champion of Okawaru.
             Killed from afar by a deep elf knight (37 damage)
             ... with a shard of ice
             ... on level 1 of the Elven Halls on Dec 14, 2016.
             The game lasted 03:29:14 (40563 turns).

Nydiazath the Imperceptible (Spriggan Enchanter)   Turns: 40563, Time: 03:29:15

Health: -5/85      AC:  9    Str: 11    XL:     16   Next: 57%
Magic:  19/25      EV: 31    Int: 22    God:    Okawaru [******]
Gold:   3086       SH: 13    Dex: 16    Spells: 8 memorised, 21 levels left

rFire  + + .     SeeInvis +     V - +9 dagger (vamp)
rCold  . . .     Gourm    .     K - +2 robe {MR+}
rNeg   . . .     Faith    .     m - +0 buckler
rPois  +         Spirit   .     u - +2 hat {MR+}
rElec  .         Reflect  +     W - +2 cloak {rPois}
rCorr  .         Harm     .     (gloves unavailable)
MR     +++..                    (boots unavailable)
Stlth  +++++++++.               x - +5 amulet of reflection
                                D - ring of stealth
                                Y - ring "Plog" {rPois rF++ MR- Str+5}

@: repel missiles, drained, very quick
A: unfitting armour, see invisible, herbivore 3, speed 3, low mp 2, slow
metabolism 2
a: Heroism, Finesse, Renounce Religion


You were on level 1 of the Elven Halls.
You worshipped Okawaru.
Okawaru was exalted by your worship.
You were hungry.

You visited 7 branches of the dungeon, and saw 27 of its levels.
You also visited: Labyrinth.

You collected 3447 gold pieces.
You spent 361 gold pieces at shops.

Inventory:

Hand Weapons
 q - the +5 dagger of Zuamnid {pierce, rElec rF+ Int+3 Dex-4}
   (Okawaru gifted it to you on level 1 of the Orcish Mines)

   It inflicts extra damage upon your enemies.
   It affects your intelligence (+3).
   It affects your dexterity (-4).
   It protects you from fire.
   It insulates you from electricity.
 V - a +9 vampiric dagger (weapon)
Armour
 m - a +0 buckler (worn)
 u - a +2 hat of magic resistance (worn)
 K - a +2 robe of magic resistance (worn)
 W - a +2 cloak of poison resistance (worn)
 Z - a +2 robe of fire resistance
Jewellery
 v - an uncursed ring of positive energy
 x - a +5 amulet of reflection (around neck)
 D - a ring of stealth (right hand)
 F - an uncursed ring of protection from cold
 T - an uncursed ring of flight
 Y - the ring "Plog" (left hand) {rPois rF++ MR- Str+5}
   (You found it on level 1 of the Snake Pit)

   [ring of poison resistance]

   It affects your strength (+5).
   It greatly protects you from fire.
   It protects you from poison.
   It affects your resistance to hostile enchantments.
Wands
 a - a wand of slowing (15/48)
 c - a wand of paralysis (14/24)
 h - a wand of enslavement (7/24)
 j - a wand of iceblast (1/15)
 s - a wand of enslavement (6/24)
 C - a wand of confusion (10/48)
 M - a wand of acid (12/15)
 R - a wand of slowing (28/48)
 U - a wand of flame (26/48)
Scrolls
 f - 8 scrolls of teleportation
 i - 2 scrolls of fear
 n - 6 scrolls of remove curse
 p - 5 scrolls of magic mapping
 A - a scroll of enchant weapon
 B - a scroll of acquirement
 G - 8 scrolls of recharging
 L - 7 scrolls of amnesia
 S - a scroll of summoning
Potions
 b - a potion of berserk rage
 g - 9 potions of curing
 k - 4 potions of ambrosia
 l - a potion of cure mutation
 o - a potion of flight
 r - 4 potions of lignification
 y - 2 potions of magic
 z - a potion of brilliance
 E - 4 potions of haste
 H - a potion of cancellation
 O - 5 potions of might
 Q - 2 potions of agility
Books
 d - a book of Summonings

   Spells                             Type                      Level
   a - Recall                         Summoning/Translocation      3
   b - Aura of Abjuration             Summoning                    5
   c - Summon Demon                   Summoning                    5
   d - Summon Forest                  Summoning/Translocation      5
   e - Summon Mana Viper              Hexes/Summoning              5
   f - Shadow Creatures               Summoning                    6
 e - a book of Beasts

   Spells                             Type                      Level
   a - Summon Butterflies             Summoning                    1
   b - Call Canine Familiar           Summoning                    3
   c - Summon Ice Beast               Ice/Summoning                4
   d - Summon Mana Viper              Hexes/Summoning              5
   e - Summon Hydra                   Summoning                    7
 t - a book of Minor Magic

   Spells                             Type                      Level
   a - Magic Dart                     Conjuration                  1
   b - Blink                          Translocation                2
   c - Call Imp                       Summoning                    2
   d - Repel Missiles                 Charms/Air                   2
   e - Slow                           Hexes                        2
   f - Conjure Flame                  Conjuration/Fire             3
   g - Mephitic Cloud                 Conjuration/Poison/Air       3
 w - a book of Misfortune

   Spells                             Type                      Level
   a - Confusing Touch                Hexes                        1
   b - Confuse                        Hexes                        3
   c - Gell's Gravitas                Hexes/Translocation          3
   d - Petrify                        Transmutation/Earth          4
   e - Metabolic Englaciation         Hexes/Ice                    5
   f - Yara's Violent Unravelling     Hexes/Transmutation          5
 I - a book of Conjurations

   Spells                             Type                      Level
   a - Magic Dart                     Conjuration                  1
   b - Searing Ray                    Conjuration                  2
   c - Dazzling Spray                 Conjuration/Hexes            3
   d - Fulminant Prism                Conjuration/Hexes            4
   e - Iskenderun's Mystic Blast      Conjuration                  4
   f - Iskenderun's Battlesphere      Conjuration/Charms           5
 J - a Young Poisoner's Handbook

   Spells                             Type                      Level
   a - Sting                          Conjuration/Poison           1
   b - Mephitic Cloud                 Conjuration/Poison/Air       3
   c - Olgreb's Toxic Radiance        Poison                       4
   d - Alistair's Intoxication        Transmutation/Poison         5
   e - Venom Bolt                     Conjuration/Poison           5
 X - a book of Changes

   Spells                             Type                      Level
   a - Beastly Appendage              Transmutation                1
   b - Sticks to Snakes               Transmutation                2
   c - Spider Form                    Transmutation/Poison         3
   d - Ice Form                       Ice/Transmutation            4
   e - Blade Hands                    Transmutation                5
Comestibles
 N - 4 fruits
 P - 18 royal jellies


   Skills:
 - Level 10.0(9.8) Fighting
 - Level 10.0(9.7) Short Blades
 - Level 15.0(14.8) Dodging
 - Level 23.5(23.2) Stealth
 - Level 8.1(7.9) Shields
 - Level 10.1(9.9) Spellcasting
 - Level 11.7(11.5) Hexes
 + Level 6.0(5.8) Summonings
 - Level 4.2(4.0) Translocations


You had 21 spell levels left.
You knew the following spells:

 Your Spells              Type           Power        Failure   Level  Hunger
a - Corona                Hex            ######.      1%          1    None
b - Ensorcelled Hibernat  Hex/Ice        #####.       1%          2    None
c - Blink                 Tloc           N/A          1%          2    None
d - Confuse               Hex            ######..     1%          3    None
e - Repel Missiles        Chrm/Air       ##....       12%         2    None
f - Call Imp              Summ           #####...     1%          2    None
g - Magic Dart            Conj           ##..         10%         1    None
h - Apportation           Tloc           ####......   1%          1    None


Dungeon Overview and Level Annotations

Branches:
Dungeon (15/15)            Temple (1/1) D:5            Lair (6/6) D:9
 Shoals (0/4) Lair:3        Snake (1/4) Lair:2        Slime (1/5) Lair:6
    Orc (2/2) D:9             Elf (1/3) Orc:2        Vaults (0/5) D:14
 Depths (0/5) D:15

Altars:
Ashenzari
Cheibriados
Dithmenos
Elyvilon
Fedhas
Gozag
Hepliaklqana
Kikubaaqudgha
Makhleb
Nemelex Xobeh
Okawaru
Qazlal
Ru
Sif Muna
Trog
Uskayaw
Vehumet
Xom
Yredelemnul
Zin
The Shining One
Beogh

Shops:
D:7 [   D:12 ?   D:13 *   D:14 }   Orc:2 ([*:   Snake:1 [

Annotations:
D:4 Philosophy's ghost, amateur FoFi
Lair:4 exclusion: oklob plant


Innate Abilities, Weirdness & Mutations

You are very small and have problems with some larger weapons.
You are too small for most types of armour.
You have supernaturally acute eyesight. (SInv)
You are a herbivore.
You cover ground extremely quickly.
You need consume almost no food.
Your magical capacity is very low. (-20% MP)


Message History

The deep elf mage blinks!
The deep elf knight hits you with a short sword!
The deep elf mage casts a spell.
The deep elf mage points at you and mumbles some strange words.
The bolt of magma misses you.
The deep elf knight casts a spell.
The deep elf knight seems to speed up.
The deep elf archer shoots an arrow.
The arrow completely misses you.
You hear a shout!
The deep elf archer casts a spell at you.
You resist with almost no effort.
The deep elf archer shoots an arrow.
The arrow misses you.
You see here an arrow.
The deep elf knight gestures wildly while chanting.
The deep elf knight flickers and vanishes for a moment.
You see here a scale mail.
You block the long sword of holy wrath's attack.
The deep elf knight casts a spell at you.
The shard of ice hits you!
You die...

........####.........####....##..
.#.........'.........'......##...
.##.#...####.........####..##....
.##.#..## ##.......## ##..#....#
.##.#.## ##.....## #...#...##
.......# ##...## #..##....#
.##.##.# ##'## #..#......
.##.##.# #.# ##.'......
.##.##.#### #@# #.#.)....
.##.......######.## ####....#
.####.........#.e(## ######...##
.# #..##.###......####....#....#
.####..##...............#####....
.......######.##.######## ##...
#####.#######.##.# ##..
#.........##e# ### ############e#


You could see a deep elf knight (invisible), a deep elf mage and a long sword of
holy wrath.

Vanquished Creatures
  Rupert (Orc:2)
  A sphinx (D:11)
  Gastronok (Lair:2)
  2 acid blobs (Slime:1)
  An azure jelly (Slime:1)
  2 orc warlords
  Louise (D:14)
  2 stone giants (Orc:1)
  Azrael (Orc:2)
  A yaktaur captain (D:15)
  A minotaur (Lab)
  Harold (Lair:3)
  A naga warrior (Snake:1)
  An ice dragon (Lair:5)
  The ghost of Mungo the Spear-Bearer, a journeyman MfGl of Ashenzari (D:11)
  7 hydras
  5 vault guards (D:14)
  2 centaur warriors
  3 ogre magi
  A death knight (D:15)
  3 catoblepae (Lair:6)
  16 death yaks
  3 dancing weapons (Elf:1)
  2 tengu warriors (D:15)
  An orc high priest (Orc:2)
  3 deep elf knights (Elf:1)
  3 unseen horrors
  15 hill giants
  A mana viper (Lair:2)
  7 orc knights
  2 deep elf archers
  A manticore (D:14)
  2 oklob plants (Lair:2)
  8 deep elf magi
  6 orc sorcerers
  A shining eye (Slime:1)
  3 cyclopes
  10 elephants
  A salamander (Snake:1)
  Joseph (D:7)
  8 black mambas
  A centaur zombie (D:14)
  Psyche (D:8)
  A torpor snail (Lair:4)
  5 gargoyles
  12 spiny frogs
  A yaktaur (D:14)
  4 komodo dragons
  A yaktaur (shapeshifter) (D:14)
  4 rime drakes
  A freezing wraith (D:15)
  4 tengu conjurers
  2 queen bees
  A jumping spider (shapeshifter) (D:15)
  4 trolls
  2 two-headed ogres (Orc:1)
  16 slime creatures
  A hornet (D:10)
  A meliai zombie (D:14)
  Prince Ribbit (D:7)
  4 blink frogs (Lair:3)
  A blink frog (shapeshifter) (D:13)
  A harpy skeleton (D:14)
  16 hippogriffs
  3 shadows
  An air elemental (Elf:1)
  A redback (Lab)
  5 wyverns
  A wraith (D:15)
  50 yaks
  4 fire elementals
  12 basilisks
  8 hungry ghosts
  A steam dragon (D:13)
  2 vampire mosquitoes (D:13)
  2 mottled dragons
  9 wargs
  4 nagas
  2 soldier ants
  4 hell hounds
  21 water moccasins
  6 porcupines
  42 orc warriors
  4 ice beasts
  30 ogres
  2 sky beasts
  2 black bears
  10 wolves
  3 phantoms
  4 centaurs
  13 crocodiles
  2 big kobolds
  2 earth elementals
  11 bullfrogs
  4 scorpions
  59 killer bees
  15 wights
  6 howler monkeys
  4 electric eels
  8 crimson imps
  A bullfrog zombie (D:9)
  4 lava snakes (Lab)
  7 jellies
  Crazy Yiuf (D:2)
  7 hounds
  A bullfrog skeleton (D:4)
  22 orc priests
  35 orc wizards
  2 gnoll shamans (D:9)
  4 centaur skeletons
  2 iguanas
  Natasha (D:4)
  6 worker ants
  2 hound skeletons
  Robin (D:2)
  16 gnolls
  16 adders
  3 shadow imps
  3 white imps (Lair:5)
  2 adder skeletons
  2 adder zombies
  A dart slug (D:5)
  A worm (D:6)
  5 leopard geckos
  86 orcs
  4 giant cockroaches
  10 goblins
  9 hobgoblins
  11 jackals
  10 quokkas
  2 ball pythons
  4 bats
  4 frilled lizards
  A jackal skeleton (D:5)
  17 kobolds
  A quokka skeleton (D:5)
  4 rats
  2 fungi
  A plant (Lair:5)
886 creatures vanquished.

Vanquished Creatures (collateral kills)
  A catoblepas (Lair:6)
  3 orcs (Orc:1)
4 creatures vanquished.

Vanquished Creatures (others)
  A deep elf mage (Elf:1)
  A freezing wraith (D:15)
  An orc warrior (D:14)
  2 orcs (Orc:1)
  A quokka (D:7)
  12 fungi
  17 plants
35 creatures vanquished.

Grand Total: 925 creatures vanquished

Notes
Turn   | Place    | Note
-------+----------+-------------------------------------------
     0 | D:1      | Nydiazath the Spriggan Enchanter began the quest for the Orb.
     0 | D:1      | Reached XP level 1. HP: 9/9 MP: 5/5
   226 | D:1      | Reached XP level 2. HP: 13/13 MP: 6/6
   230 | D:1      | Learned a level 2 spell: Ensorcelled Hibernation
   691 | D:2      | Found a snail-covered altar of Cheibriados.
   850 | D:2      | Reached skill level 5 in Stealth
  1111 | D:2      | Found a runed door.
  1131 | D:2      | Reached XP level 3. HP: 16/16 MP: 8/8
  1733 | D:2      | Reached skill level 6 in Stealth
  1733 | D:2      | Reached XP level 4. HP: 21/21 MP: 6/9
  2113 | D:2      | Noticed Crazy Yiuf
  2117 | D:2      | Killed Crazy Yiuf
  2160 | D:3      | Learned a level 2 spell: Blink
  2259 | D:3      | Noticed Robin
  2532 | D:3      | Reached XP level 5. HP: 22/24 MP: 7/10
  2885 | D:2      | Killed Robin
  3093 | D:3      | Reached skill level 7 in Stealth
  3508 | D:4      | Noticed Philosophy's ghost (amateur FoFi)
  3534 | D:4      | Reached XP level 6. HP: 20/28 MP: 11/11
  3643 | D:4      | Noticed Natasha
  3994 | D:4      | Found a shimmering altar of Xom.
  3994 | D:4      | Found a sparkling altar of Nemelex Xobeh.
  4312 | D:4      | Killed Natasha
  4640 | D:4      | Reached skill level 5 in Short Blades
  4811 | D:4      | Reached skill level 8 in Stealth
  5008 | D:4      | Found a hide-covered altar of Uskayaw.
  5051 | D:5      | Entered Level 5 of the Dungeon
  5051 | D:5      | Found a staircase to the Ecumenical Temple.
  5064 | Temple   | Entered the Ecumenical Temple
  5071 | Temple   | Became a worshipper of Warmaster Okawaru
  5127 | D:5      | Reached XP level 7. HP: 32/32 MP: 12/12
  5234 | D:5      | Reached skill level 5 in Hexes
  6324 | D:6      | Reached * piety under Okawaru
  6356 | D:6      | Reached XP level 8. HP: 36/36 MP: 11/13
  6974 | D:6      | Found a shattered altar of Ashenzari.
  7183 | D:6      | Reached skill level 9 in Stealth
  7253 | D:7      | Reached ** piety under Okawaru
  7279 | D:7      | Found a white marble altar of Elyvilon.
  7334 | D:7      | Reached skill level 5 in Dodging
  7552 | D:7      | Noticed Prince Ribbit
  7678 | D:7      | Killed Prince Ribbit
  7678 | D:7      | Reached skill level 10 in Stealth
  7861 | D:7      | Reached XP level 9. HP: 29/39 MP: 14/14
  7959 | D:7      | Reached *** piety under Okawaru
  8052 | D:7      | Found a shimmering altar of Xom.
  8054 | D:7      | Found a deep blue altar of Sif Muna.
  8054 | D:7      | Found an ancient bone altar of Kikubaaqudgha.
  8056 | D:7      | Found a stormy altar of Qazlal.
  8056 | D:7      | Found a shimmering altar of Xom.
  8056 | D:7      | Found a basalt altar of Yredelemnul.
  8144 | D:7      | Found a hazy altar of Hepliaklqana.
  8324 | D:7      | Reached skill level 11 in Stealth
  8545 | D:7      | Noticed Joseph
  8559 | D:7      | Killed Joseph
  8612 | D:7      | Found Yskuiphank's Antique Armour Shop.
  8745 | D:8      | Noticed Psyche
  8749 | D:8      | Killed Psyche
  8948 | D:8      | Reached skill level 12 in Stealth
  9017 | D:8      | Found a bloodstained altar of Trog.
  9725 | D:9      | Found a staircase to the Lair.
  9908 | D:9      | Found a staircase to the Orcish Mines.
 10300 | D:9      | Reached skill level 10 in Short Blades
 10402 | D:9      | Reached skill level 1 in Translocations
 10473 | D:9      | Reached XP level 10. HP: 44/44 MP: 15/15
 10480 | D:9      | Reached **** piety under Okawaru
 10817 | D:9      | Reached skill level 10 in Dodging
 11270 | D:10     | Entered Level 10 of the Dungeon
 11923 | D:10     | Reached skill level 1 in Fighting
 12131 | D:10     | Reached ***** piety under Okawaru
 13550 | D:10     | Learned a level 3 spell: Confuse
 13693 | D:11     | Noticed a hill giant
 13695 | D:11     | Killed a hill giant
 13695 | D:11     | Reached skill level 5 in Spellcasting
 13710 | D:11     | Noticed Mungo's ghost (journeyman MfGl)
 13793 | D:11     | Killed Mungo's ghost
 13793 | D:11     | Received a gift from Okawaru
 13893 | D:11     | Reached XP level 11. HP: 41/52 MP: 21/21
 13932 | D:11     | Noticed a sphinx
 13934 | D:11     | Killed a sphinx
 14380 | D:12     | Found Rof Ock's Magic Scroll Emporium.
 14388 | D:12     | Bought 3 scrolls of enchant weapon for 337 gold pieces
 14515 | D:12     | Received a gift from Okawaru
 14594 | D:12     | Reached skill level 1 in Shields
 14837 | D:12     | Reached skill level 5 in Fighting
 14982 | D:13     | Reached skill level 13 in Stealth
 14983 | D:13     | Noticed an unseen horror
 14989 | D:13     | Killed an unseen horror
 15149 | D:11     | Noticed an unseen horror
 15155 | D:11     | Killed an unseen horror
 15155 | D:11     | Reached ****** piety under Okawaru
 15205 | Lair:1   | Entered Level 1 of the Lair of Beasts
 15214 | Lair:1   | Received a gift from Okawaru
 15406 | Lair:1   | Reached XP level 12. HP: 61/61 MP: 24/24
 15596 | Lair:1   | Reached skill level 5 in Shields
 15658 | Lair:1   | HP: 3/62 [poisoned by a killer bee]
 15663 | Lair:1   | HP: 2/62 [poisoned by a killer bee]
 15670 | Lair:1   | HP: 2/62 [poisoned by a killer bee]
 15678 | Lair:1   | HP: 1/62 [poisoned by a killer bee]
 16145 | Lair:1   | Noticed a six-headed hydra
 16165 | Lair:1   | Killed a six-headed hydra
 16974 | Lair:2   | Found a staircase to the Snake Pit.
 17039 | Lair:2   | Noticed a four-headed hydra
 17052 | Lair:2   | Killed a four-headed hydra
 17612 | Lair:2   | Received a gift from Okawaru
 17669 | Lair:2   | Noticed Gastronok
 17694 | Lair:2   | Killed Gastronok
 18410 | Lair:2   | Reached skill level 14 in Stealth
 18728 | Lair:2   | Reached XP level 13. HP: 66/66 MP: 25/25
 18796 | Lair:2   | Received a gift from Okawaru
 19038 | Lair:3   | Found a staircase to the Shoals.
 19272 | Lair:3   | Noticed Harold
 19279 | Lair:3   | Killed Harold
 19303 | Lair:3   | Reached skill level 15 in Stealth
 20319 | Lair:4   | Received a gift from Okawaru
 20496 | Lair:4   | Reached skill level 16 in Stealth
 20890 | Lair:4   | Received a gift from Okawaru
 20901 | Lair:4   | Got a heavily runed cloak {god gift}
 20907 | Lair:4   | Identified the +0 cloak of a labyrinth {rN++} (Okawaru gifted it to you on level 4 of the Lair of Beasts)
 22355 | Lair:6   | Entered Level 6 of the Lair of Beasts
 22520 | Lair:6   | Reached skill level 15 in Dodging
 22807 | Lair:5   | Reached skill level 17 in Stealth
 23101 | Lair:6   | Found a staircase to the Slime Pits.
 23276 | Lair:6   | Reached XP level 14. HP: 72/72 MP: 21/27
 23607 | Lair:6   | Received a gift from Okawaru
 24189 | Lair:5   | Reached skill level 18 in Stealth
 26540 | Lair:6   | Received a gift from Okawaru
 27634 | Lair:6   | Learned a level 2 spell: Repel Missiles
 27640 | Lair:6   | Learned a level 2 spell: Call Imp
 27823 | Lair:6   | Reached skill level 19 in Stealth
 28019 | Snake:1  | Entered Level 1 of the Snake Pit
 28661 | Snake:1  | Got a fine platinum ring
 28666 | Snake:1  | Identified the ring "Plog" {rPois rF++ MR- Str+5} (You found it on level 1 of the Snake Pit)
 28695 | Snake:1  | Reached skill level 10 in Spellcasting
 28706 | Snake:1  | Found Atephaci's Armour Boutique.
 28899 | Orc:1    | Entered Level 1 of the Orcish Mines
 29514 | Orc:1    | Reached skill level 20 in Stealth
 29705 | Orc:1    | Received a gift from Okawaru
 29722 | Orc:1    | Got a jewelled dagger {god gift}
 29743 | Orc:1    | Noticed a stone giant
 30145 | Orc:1    | Killed a stone giant
 30145 | Orc:1    | Reached XP level 15. HP: 69/78 MP: 14/30
 30504 | Orc:1    | Noticed an orc warlord
 30737 | Orc:1    | Killed an orc warlord
 30982 | Orc:2    | Entered Level 2 of the Orcish Mines
 31103 | Orc:2    | Found a labyrinth entrance.
 31126 | Lab      | Entered a labyrinth
 31578 | Lab      | Reached skill level 21 in Stealth
 31908 | Lab      | Identified the +5 dagger of Zuamnid {pierce, rElec rF+ Int+3 Dex-4} (Okawaru gifted it to you on level 1 of the Orcish Mines)
 32581 | Orc:2    | Reached skill level 10 in Hexes
 32756 | Orc:2    | Found a roughly hewn altar of Beogh.
 32758 | Orc:2    | Noticed an orc warlord
 33380 | Orc:2    | Killed an orc warlord
 33545 | Orc:2    | Found Tobavaem's Book Emporium.
 33573 | Orc:2    | Found Qere's General Store.
 33604 | Orc:2    | Bought a scroll of identify for 24 gold pieces
 33613 | Orc:2    | Found Xyklat's Antique Weapon Emporium.
 33912 | Orc:2    | Found Waza's Antique Armour Emporium.
 33977 | Orc:2    | Noticed Rupert
 33983 | Orc:2    | Killed Rupert
 33985 | Orc:2    | Found a staircase to the Elven Halls.
 34225 | Orc:1    | Received a gift from Okawaru
 34471 | D:13     | Found Uvoetsur's General Store.
 34948 | D:13     | Reached skill level 22 in Stealth
 35716 | D:14     | Identified a scroll of acquirement
 35722 | D:14     | Learned a level 1 spell: Magic Dart
 35739 | D:14     | Found a gate to the Vaults.
 35774 | D:14     | Found Pudi's Gadget Shop.
 35822 | D:14     | Noticed Louise
 35835 | D:14     | Killed Louise
 36268 | D:14     | Reached XP level 16. HP: 85/85 MP: 31/31
 36404 | D:15     | Entered Level 15 of the Dungeon
 36507 | D:15     | Reached skill level 10 in Fighting
 36507 | D:15     | Reached skill level 23 in Stealth
 37208 | D:15     | Found a burning altar of Makhleb.
 37247 | D:15     | Received a gift from Okawaru
 37516 | D:15     | Found a staircase to the Depths.
 38162 | Slime:1  | Entered Level 1 of the Pits of Slime
 38162 | Slime:1  | Noticed an acid blob
 38170 | Slime:1  | Reached skill level 1 in Summonings
 38193 | Slime:1  | Noticed an acid blob
 38200 | Slime:1  | Killed an acid blob
 38381 | Slime:1  | Gained mutation: Your magical capacity is low. (-10% MP) [a shining eye]
 38384 | Slime:1  | Gained mutation: Your magical capacity is very low. (-20% MP) [a shining eye]
 38494 | Slime:1  | Noticed an acid blob
 38500 | Slime:1  | Killed an acid blob
 38508 | Slime:1  | Noticed an acid blob
 39151 | Elf:1    | Entered Level 1 of the Elven Halls
 39176 | Elf:1    | Noticed Azrael
 39609 | Orc:2    | Killed Azrael
 39707 | Orc:2    | Received a gift from Okawaru
 39708 | Orc:2    | Got a jewelled hat {god gift}
 39722 | Orc:2    | Identified the +2 hat of Fortification {MR+ Str+5 Stlth-} (Okawaru gifted it to you on level 2 of the Orcish Mines)
 39791 | Elf:1    | Learned a level 1 spell: Apportation
 39850 | Elf:1    | Reached skill level 5 in Summonings
 40563 | Elf:1    | Killed from afar by a deep elf knight

Skill      XL: |  1  2  3  4  5  6  7  8  9 10 11 12 13 14 15 16 |
---------------+-------------------------------------------------+-----
Short Blades   | 2 3 4 5 7 8 10 | 10.0
Stealth        | 5 6 7 8 10 12 13 14 17 20 22 23 | 23.5
Hexes          | 4 6 7 9 11 | 11.7
Dodging        | 6 9 10 11 15 | 15.0
Translocations | 1 4 |  4.2
Spellcasting   | 6 7 8 10 | 10.1
Fighting       | 3 6 7 8 9 10 | 10.0
Shields        | 4 8 |  8.1
Summonings     | 6 |  6.0

Action                   |  1- 3 |  4- 6 |  7- 9 | 10-12 | 13-15 | 16-18 || total
-------------------------+-------+-------+-------+-------+-------+-------++-------
Melee: Dagger            |    76 |   179 |   320 |   871 |  1098 |   355 ||  2899
 Cast: Ensorcelled Hiber |    16 |    61 |   146 |   295 |   530 |    68 ||  1116
       Corona            |       |     1 |     3 |    24 |       |       ||    28
       Confuse           |       |       |       |    15 |   230 |    16 ||   261
       Blink             |       |       |       |     8 |    10 |     3 ||    21
       Call Imp          |       |       |       |       |    77 |    14 ||    91
       Repel Missiles    |       |       |       |       |     5 |     2 ||     7
Invok: Heroism           |       |       |       |       |     1 |     1 ||     2
Evoke: Wand              |       |       |       |     5 |    15 |     4 ||    24
       Box of beasts     |       |       |       |       |    10 |       ||    10
  Use: Potion            |     1 |     1 |       |     2 |     6 |     2 ||    12
       Scroll            |       |     7 |     2 |    22 |    21 |     4 ||    56
 Stab: Sleeping          |    19 |    36 |    82 |   173 |   272 |    56 ||   638
       Distracted        |     1 |     4 |     4 |     2 |    12 |     3 ||    26
       Confused          |       |       |       |     6 |    56 |     5 ||    67
       Invisible         |       |       |       |     2 |       |       ||     2
       Petrified         |       |       |       |       |     3 |       ||     3
  Eat: Bread ration      |       |     1 |     4 |     3 |     1 |       ||     9
       Fruit             |       |       |     3 |     3 |     1 |       ||     7
       Royal jelly       |       |       |     1 |       |     7 |       ||     8
       Pizza             |       |       |       |     1 |     1 |       ||     2
Armor: Robe              |     7 |    39 |    38 |    46 |    54 |    19 ||   203
Dodge: Dodged            |    56 |   198 |   218 |   679 |   759 |   204 ||  2114
       Deflected         |       |       |       |       |     9 |     5 ||    14
Block: Other             |       |    33 |    66 |   148 |       |       ||   247
       Reflection        |       |       |       |     3 |    20 |    12 ||    35
       Buckler           |       |       |       |    65 |   724 |   154 ||   943
